 Dungeon Sprint DCSS version 0.20-a0-3-g334f831 (webtiles) character file.

1537 tsouns the Cleaver (level 8, -2/83 HPs)
             Began as a Hill Orc Berserker on Oct 30, 2016.
             Was a Priest of Trog.
             Slain by a centaur warrior (5 damage)
             ... in the Dungeon (Sprint I: "Red Sonja").
             The game lasted 00:05:38 (1130 turns).

tsouns the Cleaver (Hill Orc Berserker)             Turns: 1130, Time: 00:05:38

Health: -2/83      AC: 10    Str: 26    XL:     8   Next: 86%
Magic:  8/8        EV: 15    Int:  7    God:    Trog [***...]
Gold:   422        SH:  0    Dex: 10    Spells: 0 memorised, 7 levels left

rFire  . . .     SeeInvis .     a - +0 hand axe
rCold  . . .     Gourm    .     l - +2 ring mail of the Cockroach {Regen+ Str+4}
rNeg   . . .     Faith    .     (no shield)
rPois  .         Spirit   .     (no helmet)
rElec  .         Reflect  .     (no cloak)
rCorr  .         Harm     .     (no gloves)
MR     .....     NoTele   +     o - +0 pair of boots
Stlth  ..........               (no amulet)
                                (no ring)
                                (no ring)

@: no status effects
A: no striking features
a: Berserk, Trog's Hand, Burn Spellbooks, Renounce Religion


You were in the Dungeon.
You worshipped Trog.
Trog was most pleased with you.
You were near starving.

You visited 1 branch You collected 727 gold pieces.
You spent 305 gold pieces at shops.

Inventory:

Hand Weapons
 a - a +0 hand axe (weapon)
 e - a +0 blowgun
Missiles
 f - 5 curare-tipped needles
Armour
 b - a +0 animal skin
 l - the +2 ring mail of the Cockroach (worn) {Regen+ Str+4}
   (You found it in the Dungeon)

   It affects your strength (+4).
   It increases your rate of regeneration.
 o - a +0 pair of boots (worn)
Wands
 j - a wand of flame (8/48)
Scrolls
 i - a scroll of blinking
Potions
 c - 4 potions of curing
 d - 2 potions of degeneration
 g - 2 potions of magic
 h - a potion of heal wounds
 k - 2 potions of flight
 m - a potion of might {unknown}


   Skills:
 + Level 11.8 Fighting
 + Level 12.8 Axes
 + Level 10.7 Armour
 + Level 8.4 Dodging


You had 7 spell levels left.
You didn't know any spells.

Dungeon Overview and Level Annotations

Branches:
Dungeon (1/1)

Altars:
Cheibriados
Dithmenos
Elyvilon
Fedhas
Gozag
Hepliaklqana
Kikubaaqudgha
Nemelex Xobeh
Okawaru
Qazlal
Ru
Sif Muna
Trog
Uskayaw
Vehumet
Yredelemnul
Zin
The Shining One

Shops:
D !![


Message History

There is an open door, spattered with blood here.
Unknown command.
You hit the centaur warrior.
The centaur warrior is moderately wounded.
You slash the centaur warrior! The centaur warrior hits you!
* * * LOW HITPOINT WARNING * * *
The centaur warrior hits you!
* * * LOW HITPOINT WARNING * * *
You are too injured to fight recklessly!
You hit the centaur warrior.
The centaur warrior is moderately wounded.
You barely miss the centaur warrior.
The centaur warrior hits you but does no damage. x2
Unknown command.
You hit the centaur warrior but do no damage.
The centaur warrior is moderately wounded.
You hit the centaur warrior but do no damage.
The centaur warrior hits you but does no damage.
The centaur warrior hits you.
You die...

###############
<.#..)..#..'..#
..').#..').#..+
..#####'#####'# ##
..####..#...#(####§?#
..#__####..##(#§≈≈..#
..#_____##'#..+§§§§§+
⌠⌠#_.∩...'..._#§§c§§#
###_..__##_.#'##@###
#_____###)#)#§c§.###
###########.####'###.##
∩^.......'...'.....'.∩#
##++++####...##########
###.### #.#'#.# #.....#
#..[..#


You could see 2 centaur warriors.

Vanquished Creatures
  Sonja (D)
  A deep troll (D)
  Sigmund (D)
  A yak (D)
  An ogre (D)
  A jelly (D)
  Ijyb (D)
  2 ballistomycetes (D)
9 creatures vanquished.

Vanquished Creatures (others)
  A gargoyle (D)
  2 ballistomycete spores (D)
3 creatures vanquished.

Grand Total: 12 creatures vanquished

Notes
Turn   | Place    | Note
-------+----------+-------------------------------------------
     0 | D        | tsouns the Hill Orc Berserker began the quest for the Orb.
     0 | D        | Reached XP level 1. HP: 19/19 MP: 1/1
     1 | D        | Noticed Ijyb
    13 | D        | Killed Ijyb
    13 | D        | Reached skill level 5 in Axes
    13 | D        | Reached XP level 2. HP: 28/28 MP: 2/2
    13 | D        | Reached XP level 3. HP: 35/35 MP: 3/3
    69 | D        | Noticed an ogre
    74 | D        | Killed an ogre
    74 | D        | Reached skill level 7 in Axes
    74 | D        | Reached skill level 5 in Armour
    74 | D        | Reached XP level 4. HP: 29/45 MP: 4/4
   229 | D        | Noticed Sigmund
   238 | D        | Killed Sigmund
   238 | D        | Reached ** piety under Trog
   238 | D        | Reached skill level 9 in Axes
   238 | D        | Reached skill level 5 in Dodging
   238 | D        | Reached XP level 5. HP: 53/53 MP: 5/5
   238 | D        | Reached XP level 6. HP: 61/61 MP: 6/6
   262 | D        | Killed a gargoyle
   290 | D        | Found a deep blue altar of Sif Muna.
   292 | D        | Found a radiant altar of Vehumet.
   506 | D        | Found Jeujibag's Distillery.
   506 | D        | Found an ancient bone altar of Kikubaaqudgha.
   506 | D        | Found a hazy altar of Hepliaklqana.
   506 | D        | Found a stormy altar of Qazlal.
   506 | D        | Found a hide-covered altar of Uskayaw.
   506 | D        | Found a blossoming altar of Fedhas.
   506 | D        | Found a bloodstained altar of Trog.
   506 | D        | Found an iron altar of Okawaru.
   506 | D        | Found a basalt altar of Yredelemnul.
   506 | D        | Found a glowing golden altar of the Shining One.
   506 | D        | Found a snail-covered altar of Cheibriados.
   506 | D        | Found a sacrificial altar of Ru.
   506 | D        | Found a glowing silver altar of Zin.
   506 | D        | Found a shadowy altar of Dithmenos.
   506 | D        | Found a white marble altar of Elyvilon.
   506 | D        | Noticed a yak
   514 | D        | Killed a yak
   514 | D        | Reached skill level 10 in Axes
   514 | D        | Reached XP level 7. HP: 59/70 MP: 7/7
   515 | D        | Found an opulent altar of Gozag.
   518 | D        | Found a sparkling altar of Nemelex Xobeh.
   522 | D        | Bought a potion of curing for 39 gold pieces
   522 | D        | Bought a potion of flight for 39 gold pieces
   522 | D        | Bought a potion of agility for 52 gold pieces
   647 | D        | Noticed Sonja
   672 | D        | Killed Sonja
   672 | D        | Reached *** piety under Trog
   672 | D        | Reached skill level 10 in Fighting
   672 | D        | Reached skill level 11 in Axes
   672 | D        | Reached XP level 8. HP: 45/81 MP: 8/8
   978 | D        | Found Tekkil's Distillery.
   986 | D        | Bought a potion of curing for 33 gold pieces
   986 | D        | Bought a potion of heal wounds for 55 gold pieces
   986 | D        | Bought a potion of curing for 33 gold pieces
  1044 | D        | Got a polished ring mail
  1055 | D        | Identified the +2 ring mail of the Cockroach {Regen+ Str+4} (You found it in the Dungeon)
  1059 | D        | Noticed a deep troll
  1069 | D        | HP: 3/121 [deep troll (6)]
  1075 | D        | Killed a deep troll
  1075 | D        | Reached skill level 12 in Axes
  1075 | D        | Reached skill level 10 in Armour
  1089 | D        | Found Sisuruq's Armour Emporium.
  1096 | D        | Bought a +0 pair of boots for 54 gold pieces
  1120 | D        | Noticed a centaur warrior
  1121 | D        | Noticed a centaur warrior
  1128 | D        | HP: 2/83 [centaur warrior (10)]
  1130 | D        | Slain by a centaur warrior

Vault maps used:
D:        dungeon_sprint_1

Skill      XL: |  1  2  3  4  5  6  7  8 |
---------------+-------------------------+-----
Fighting       | 4 6 8 9 10 11 | 11.8
Axes           | 5 7 9 10 11 12 | 12.8
Armour         | 3 5 7 8 9 10 | 10.7
Dodging        | 2 4 5 6 7 8 |  8.4

Action                   |  1- 3 |  4- 6 |  7- 9 || total
-------------------------+-------+-------+-------++-------
Melee: Hand axe          |    14 |    23 |    42 ||    79
Invok: Berserk           |     2 |     2 |     1 ||     5
       Trog's Hand       |       |       |     2 ||     2
Evoke: Wand              |       |       |     3 ||     3
  Use: Potion            |       |       |     6 ||     6
       Scroll            |       |       |     2 ||     2
  Eat: Bread ration      |       |     1 |       ||     1
Armor: Animal skin       |       |       |     1 ||     1
       Ring mail         |       |       |     6 ||     6
Dodge: Dodged            |     7 |    11 |    39 ||    57
